 Dungeon Crawl Stone Soup version 0.27.1-4-g1640c2035a (webtiles) character file.

Game seed: 816786970746558830

60 Icepheonix32 the Insei (level 4, -2/33 HPs)
             Began as a Merfolk Transmuter on Nov 9, 2021.
             Slain by an adder (4 damage)
             ... on level 3 of the Dungeon.
             The game lasted 00:02:56 (2389 turns).

Icepheonix32 the Insei (Merfolk Transmuter)         Turns: 2389, Time: 00:02:57

Health: -2/33      AC:  3    Str: 11    XL:     4   Next: 6%
Magic:  6/7        EV: 12    Int: 12    God:
Gold:   83         SH:  0    Dex: 14    Spells: 6/7 levels left

rFire    + . .     SeeInvis .     - Unarmed
rCold    + . .     Faith    .   (no shield)
rNeg     . . .     Spirit   .   d - +0 leather armour
rPois    +         Reflect  .   (helmet currently unavailable)
rElec    +         Harm     .   (no cloak)
rCorr    +         Rampage  .   (no gloves)
Will     .....                  (boots currently unavailable)
Stlth    +.........             (no amulet)
HPRegen  0.11/turn              (no ring)
MPRegen  0.10/turn              (no ring)

@: appendages, resistant (expiring)
A: horns 2, (nimble swimmer 2), mertail
a: End Transformation


You were on level 3 of the Dungeon.
You had temporarily grown beastly horns.
You visited 1 branch of the dungeon, and saw 3 of its levels.

You collected 83 gold pieces.

Inventory:

Missiles
 c - 3 poisoned darts
Armour
 d - a +0 leather armour (worn)
Scrolls
 a - 2 scrolls of blinking {unknown}
 b - a scroll of summoning {unknown}
 e - a scroll of fog {unknown}
 g - a scroll of enchant armour {unknown}


   Skills:
 * Level 2.0 Fighting
 + Level 0.3 Armour
 * Level 3.2 Dodging
 + Level 0.1 Stealth
 * Level 4.3 Unarmed Combat
 + Level 2.1 Spellcasting
 + Level 2.9 Transmutations


You had 6 spell levels left.
You knew the following spells:

 Your Spells              Type           Power      Damage    Failure   Level
a - Beastly Appendage     Tmut           16%        N/A       11%         1

Your spell library contained the following spells:

 Spells                   Type           Power      Damage    Failure   Level
 Wereblood                Tmut           8%         N/A       16%         2
 Spider Form              Tmut/Pois      2%         N/A       50%         3
 Ice Form                 Ice/Tmut       4%         N/A       88%         4


Dungeon Overview and Level Annotations

Branches:
Dungeon (3/15)

Altars:
Qazlal

Annotations:
D:2 Sigmund


Innate Abilities, Weirdness & Mutations

You have temporarily grown beastly horns.
((You are quick and stealthy near water. (Stealth+, EV+, Speed+++)))
Your lower body shifts to a powerful aquatic tail in water.


Message History

The gnoll is almost dead.
Your transformation is almost over.
The hobgoblin closely misses you.
You barely miss the gnoll. You headbutt the gnoll.
You kill the gnoll!
You have reached level 4!
You hit the hobgoblin but do no damage. The hobgoblin barely misses you.
You closely miss the hobgoblin. The hobgoblin hits you.
* * * LOW HITPOINT WARNING * * *
You hit the hobgoblin.
The hobgoblin is lightly wounded.
The hobgoblin closely misses you.
You hit the hobgoblin. Your headbutt misses the hobgoblin.
The hobgoblin is almost dead.
The hobgoblin completely misses you.
You closely miss the hobgoblin.
The hobgoblin is almost dead.
The hobgoblin barely misses you.
You hit the hobgoblin.
You kill the hobgoblin!
Your Fighting skill increases to level 2!
Your horns disappear.
Things that are here:
a +0 flail; 27 arrows
Items here: ( ) ††.
Items here: ( ) ††.
c - 3 poisoned darts A gnoll is nearby!
An adder comes into view.
You start to feel less resistant.
The adder bites you but does no damage.
Casting: Beastly Appendage (safe; 11% risk of failure)
Confirm with . or Enter, or press ? or * to list all spells.
You grow a pair of large bovine horns.
The adder barely misses you.
You hit the adder but do no damage. The adder bites you.
* * * LOW HITPOINT WARNING * * *
You hit the adder.
The adder is heavily wounded.
The adder bites you.
You die...

################..##.#.#.#
#..#
#.................#.##.##.#
#.###############..###.###.#.
#.# #............. #.#
##.###.###.##. #.# ##.##.#
#.# ..... #.# ######.#....#
#.# #.@S...#.#### #.#
#.######.# ######
#.###########.# # #.....
#..........##.# # #.####
##########.##.# #.#####.##
###.##.# #........# #...##.#
####...#.# #.####.##
##..#...#
#.####..######.##.##.#


You could see an adder.

Vanquished Creatures
  A gnoll (D:3)
  An adder (D:2)
  2 worms
  2 dart slugs
  A ball python (D:1)
  3 endoplasms
  4 goblins
  4 hobgoblins
  A jackal (D:1)
  2 quokkas
  A bat (D:3)
  3 frilled lizards
  3 kobolds
  5 rats
33 creatures vanquished.

Notes
Turn   | Place    | Note
-------+----------+-------------------------------------------
     0 | D:1      | Icepheonix32 the Merfolk Transmuter began the quest for the
                  | Orb.
     0 | D:1      | Reached XP level 1. HP: 15/15 MP: 3/3
   397 | D:1      | Found a faded altar of an unknown god.
   419 | D:1      | Reached XP level 2. HP: 21/21 MP: 3/5
  1252 | D:2      | Reached skill level 4 in Unarmed Combat
  1334 | D:2      | Reached XP level 3. HP: 20/27 MP: 4/6
  1667 | D:2      | Noticed Sigmund
  2148 | D:3      | Found a stormy altar of Qazlal.
  2194 | D:3      | Noticed a scorpion
  2342 | D:3      | Reached XP level 4. HP: 5/33 MP: 5/7
  2343 | D:3      | HP: 1/33 [hobgoblin (4)]
  2389 | D:3      | Slain by an adder

Illustrated notes

Levels and vault maps discovered:
D:1:      lightli_arrival_lavapool, layout_loops_ring,
          shapermc_ecumenical_altar_notcrosses, minmay_pentomino_x2
D:2:      layout_basic, uniq_sigmund
D:3:      layout_loops_ring, nicolae_qazlal_scattered_showers,
          minmay_liquid_box, grunt_decor_one_mirror

Skill      XL: |  1  2  3  4 |
---------------+-------------+-----
Dodging        | 3 |  3.2
Unarmed Combat | 4 |  4.3
Fighting       | 2 |  2.0
Armour         | |  0.3
Stealth        | |  0.1
Spellcasting   | |  2.1
Transmutations | |  2.9

Action                   |  1- 3 |  4- 6 || total
-------------------------+-------+-------++-------
Melee: Unarmed           |    93 |     8 ||   101
       Headbutt          |    17 |       ||    17
       Punch             |     4 |       ||     4
 Cast: Beastly Appendage |    29 |     1 ||    30
  Use: Potion            |     3 |       ||     3
 Stab: Distracted        |     1 |       ||     1
       Sleeping          |     1 |       ||     1
Armor: Robe              |     1 |       ||     1
       Leather armour    |    16 |     1 ||    17
Dodge: Dodged            |    54 |     5 ||    59
